 Dungeon Crawl Stone Soup version 0.28-a0-664-gc179e30c89 (webtiles) character file.

Game seed: 16121001098010515242

156 bande the Covered (level 5, -4/33 HPs)
             Began as a Gargoyle Fighter on Oct 17, 2021.
             Slain by Sigmund (9 damage)
             ... on level 3 of the Dungeon.
             The game lasted 00:03:49 (1888 turns).

bande the Covered (Gargoyle Fighter)                Turns: 1888, Time: 00:03:49

Health: -4/33      AC: 11    Str: 21    XL:     5   Next: 37%
Magic:  0/5        EV: 13    Int:  8    God:
Gold:   40         SH:  4    Dex:  9    Spells: 4/4 levels left

rFire   . . .      SeeInvis .   a - +0 war axe
rCold   . . .      Faith    .   c - +0 buckler
rNeg    + . .      Spirit   +   b - +0 scale mail
rPois   ∞          Reflect  .   (no helmet)
rElec   +          Harm     .   (no cloak)
rCorr   .          Rampage  .   (no gloves)
Will    .....                   (no boots)
Stlth   ..........              i - amulet of guardian spirit
HPRegen 0.11/turn               f - +4 ring of evasion
MPRegen 0.09/turn               (no ring)

@: mighty
A: sickness immunity, AC +4, negative energy resistance 1, electricity
resistance, torment resistance 1, petrification resistance
a: no special abilities


You were on level 3 of the Dungeon.
You visited 1 branch of the dungeon, and saw 4 of its levels.

You collected 40 gold pieces.

Inventory:

Hand Weapons
 a - a +0 war axe (weapon)
Armour
 b - a +0 scale mail (worn)
 c - a +0 buckler (worn)
 l - a +0 chain mail
Jewellery
 f - a +4 ring of evasion (left hand)
 i - an amulet of guardian spirit (around neck)
Scrolls
 h - a scroll of teleportation
 k - a scroll of fear
Potions
 e - 2 potions of lignification {unknown}
 g - a potion of invisibility
 j - a potion of attraction {unknown}


   Skills:
 + Level 4.0 Fighting
 + Level 3.7 Axes
 + Level 4.1 Armour
 + Level 3.7 Shields


You had 4 spell levels left.
You didn't know any spells.
Your spell library was empty.

Dungeon Overview and Level Annotations

Branches:
Dungeon (4/15)
 Temple: D:4-7

Altars:

Annotations:
D:3 3 runed translucent doors, Sigmund; bande's ghost, amateur GrFi


Innate Abilities, Weirdness & Mutations

You are immune to sickness and miasma.
Your stone body is resilient. (AC +4)
You are immune to poison.
You resist negative energy. (rN+)
You are resistant to electric shocks. (rElec)
You are resistant to unholy torment.
You are immune to petrification.


Message History

The ball python constricts you. You block the ball python's attack.
The ball python constricts you.
You slash the ball python!
You kill the ball python!
No target in view!
No target in view!
No target in view!
No target in view!
No target in view!
You now have 40 gold pieces (gained 2).
You see here a ball python corpse.
You see here a +0 chain mail.
l - a +0 chain mail Sigmund the Dreaded comes into view.
He is wielding a +2 scythe of flaming.
Sigmund casts a spell at you.
You are confused.
You are too confused!
You feel very mighty all of a sudden.
Sigmund casts a spell.
Sigmund flickers and vanishes!
Deactivating autopickup; reactivate with Ctrl-A.
You bump into the rock wall.
You bump into the rock wall.
Something tries to affect you, but you resist.
You bump into the rock wall.
You hear some strange, mumbled words.
Something tries to affect you, but you resist.
You feel less confused. Something hits you! Something burns you.
Something hits you! Something burns you.
You barely miss something. Something hits you!
* * * LOW HITPOINT WARNING * * *
Something burns you.
* * * LOW HITPOINT WARNING * * *
Something hits you but does no damage.
You slash something! Something hits you but does no damage.
You closely miss something.
You hear the rusting of a very distant drain.
Something hits you!
You die...

# #########
#........
##########.##.....
#..........##.####
#.###########.#
#........ #.#
#@######. #.# #{#
#.# #.# #.# #.#
#.# #.# .#. #.#
#.# # # ... #.#
#.# #.#


There were no monsters in sight!

Vanquished Creatures
  An iguana (D:4)
  An orc wizard (D:2)
  4 gnolls (D:2)
  An adder (D:2)
  2 dart slugs
  3 orcs
  4 ball pythons
  4 endoplasms
  A giant cockroach (D:1)
  A goblin (D:1)
  5 hobgoblins
  4 jackals (D:2)
  5 kobolds
  5 quokkas (D:1)
  5 bats
  2 frilled lizards
  4 rats
52 creatures vanquished.

Notes
Turn   | Place    | Note
-------+----------+-------------------------------------------
     0 | D:1      | bande the Gargoyle Fighter began the quest for the Orb.
     0 | D:1      | Reached XP level 1. HP: 14/14 MP: 1/1
    35 | D:1      | Reached XP level 2. HP: 19/19 MP: 2/2
   715 | D:1      | Reached XP level 3. HP: 23/23 MP: 3/3
   770 | D:1      | Found a faded altar of an unknown god.
  1153 | D:2      | Reached XP level 4. HP: 17/29 MP: 2/4
  1463 | D:2      | Reached XP level 5. HP: 15/33 MP: 3/5
  1463 | D:2      | You fall into a shaft and drop 2 floors!
  1741 | D:3      | Found a runed translucent gate.
  1742 | D:3      | Identified the +7 whip of Chaos {vamp, rPois}
  1742 | D:3      | Identified the +8 scale mail of Dawn {rElec Will+ rCorr
                  | Stlth+}
  1742 | D:3      | Noticed bande's ghost (amateur GrFi)
  1751 | D:3      | Found a runed translucent gate.
  1751 | D:3      | Found a runed translucent gate.
  1877 | D:3      | Noticed Sigmund
  1888 | D:3      | Slain by Sigmund

Illustrated notes

Levels and vault maps discovered:
D:1:      saegor_arrival_simple_b, layout_basic, basic_ecumenical_altar
D:2:      minmay_door_path, layout_loops_ring
D:3:      layout_loops_ring, led_sif_pool, biasface_ghost_orc_armoury,
          gup_sewer_entry_bubbles, uniq_sigmund
D:4:      layout_gridville, amcnicky_mini_rare_corridor_liquid,
          kennysheep_generic_room_12

Skill      XL: |  1  2  3  4  5 |
---------------+----------------+-----
Axes           | 2 3 |  3.7
Armour         | 4 |  4.1
Fighting       | 4 |  4.0
Shields        | |  3.7

Action                   |  1- 3 |  4- 6 || total
-------------------------+-------+-------++-------
Melee: War axe           |    72 |    66 ||   138
  Use: Scroll            |     2 |     5 ||     7
       Potion            |       |     1 ||     1
Armor: Scale mail        |    42 |    25 ||    67
Dodge: Dodged            |    58 |    52 ||   110
Block: Buckler           |    18 |     9 ||    27

Table legend: (Time is in decaauts)
 A = Elapsed time spent in this place.
 B = Non-inter-level travel time spent in this place.
 C = Inter-level travel time spent in this place.
 D = Time resting spent in this place.
 E = Time spent auto-exploring this place.
 F = Levels seen in this place.
 G = Mean time per level.
                   A        B        C        D        E       F      G
               +--------+--------+--------+--------+--------+-----+--------+
         Total |   1938 |   1938 |      0 |    483 |   1003 |   4 |  484.5 |
       Dungeon |   1938 |   1938 |      0 |    483 |   1003 |   4 |  484.5 |
               +--------+--------+--------+--------+--------+-----+--------+

Top non-repeatable levels by time:
     D:1: 1114 daAuts
     D:2: 393 daAuts
     D:3: 251 daAuts
     D:4: 178 daAuts
